 Dungeon Crawl Stone Soup version bcrawl-1.36.4 (webtiles) character file.

Game seed: 1319672242412053316

44385 gabibbone the Charmwright (level 1, 0/12 HPs)
             Began as a Skeleton Skald on Aug 5, 2022.
             Slain by a leopard gecko (1 damage)
             ... on level 1 of the Dungeon.
             The game lasted 00:01:37 (69 turns).

gabibbone the Charmwright (Skeleton Skald)            Turns: 69, Time: 00:01:37

Health: 0/12       AC:  3    Str: 17      XL:     1   Next: 16%
Magic:  0/4        EV: 12    Int: 10 (11) God:
Gold:   0          SH:  0    Dex:  8      Spells: 5/6 levels left

rFire    . . .     SeeInvis .   a - +0 war axe
rCold    + . .     Gourm    .   (no shield)
rNeg     + + +     Faith    .   b - +0 leather armour
rPois    ∞         Spirit   +   (no helmet)
rElec    .         Reflect  .   (no cloak)
rCorr    .                      (no gloves)
MR       .....                  (no boots)
Stlth    +.........             d - amulet of magic regeneration
HPRegen  0.04/turn              (no ring)
MPRegen  0.13/turn              (no ring)

@: infused
A: no food or potions, cold resistance 1, deterioration 1, negative energy
resistance 3, torment resistance, unbreathing, magic shield, sturdy frame 1,
spell healing
a: no special abilities


You were on level 1 of the Dungeon.
You were not hungry.

You visited 1 branch of the dungeon, and saw 1 of its levels.

Inventory:

Hand Weapons
 a - a +0 war axe (weapon)
Armour
 b - a +0 leather armour (worn)
Jewellery
 d - an amulet of magic regeneration (around neck)
Scrolls
 e - a scroll of fear


   Skills:
 - Level 2.0 Fighting
 + Level 2.6 Axes
 - Level 1.1 Armour
 - Level 2.0 Dodging
 - Level 3.0 Spellcasting
 - Level 3.2 Charms


You had 5 spell levels left.
You knew the following spells:

 Your Spells              Type           Power        Failure   Level  Hunger
a - Infusion              Chrm           #.......     8%          1    N/A

Your spell library contained the following spells:

 Spells                   Type           Power        Failure   Level  Hunger
 Song of Slaying          Chrm           #.......     12%         2    N/A
 Swiftness                Chrm/Air       #.......     22%         2    N/A
 Ozocubu's Armour         Chrm/Ice       #.......     41%         3    N/A
 Spectral Weapon          Hex/Chrm       #.......     41%         3    N/A
 Regeneration             Chrm/Necr      Unusable     N/A         3    N/A

Dungeon Overview and Level Annotations

Branches:
Dungeon (1/12)

Altars:


Innate Abilities, Weirdness & Mutations

You do not eat or drink.
You are immune to poison.
Your flesh is cold resistant. (rC+)
Your body sometimes deteriorates upon taking damage.
You are immune to negative energy. (rN+++)
You are immune to unholy pain and torment.
You can survive without breathing.
When hurt, damage is shared between your health and your magic reserves.
Your movements are slightly less encumbered by armour. (ER -2)
Casting spells heals you.


Message History

* * * LOW HITPOINT WARNING * * *
You barely miss the leopard gecko.
Your magical infusion is running out.
The leopard gecko bites you but does no damage.
The leopard gecko bites you.
You hit the leopard gecko but do no damage.
The leopard gecko barely misses you.
You closely miss the leopard gecko. The leopard gecko misses you.
You miss the leopard gecko.
The leopard gecko bites you but does no damage.
The leopard gecko barely misses you.
Casting: Infusion (safe; 8% risk of failure)
Confirm with . or Enter, or press ? or * to list all spells.
You extend your infusion's duration.
The leopard gecko closely misses you.
You closely miss the leopard gecko. The leopard gecko bites you.
* * * LOW HITPOINT WARNING * * *
You hit the leopard gecko.
The leopard gecko is moderately wounded.
The leopard gecko bites you.
You die...

#. #.. #... ###############
##..>##### #......<......#
.........# #.............#
.........# ##...≈≈≈§≈...##
......)..# #...≈§§§§...#
......[..############...≈≈≈...##
.............lrl@...#...≈≈≈...#
###################.##%..≈...##
#..#...≈.).# ##.##.....##
#..#.....# ##.##...## #..#...#
##.#...# #.#'''#


You could see a leopard gecko, a frilled lizard and a rat.

Vanquished Creatures
  A hobgoblin (D:1)
1 creature vanquished.

Notes
Turn   | Place    | Note
-------+----------+-------------------------------------------
     0 | D:1      | gabibbone the Skeleton Skald began the quest for the Orb.
     0 | D:1      | Reached XP level 1. HP: 12/12 MP: 4/4
    69 | D:1      | Slain by a leopard gecko

Action                   || total
-------------------------++-------
Melee: War axe           ||    12
 Cast: Infusion          ||     3
Armor: Leather armour    ||     4
Dodge: Dodged            ||    11
